 Dungeon Crawl Stone Soup version 0.21.1-1-g345015f (webtiles) character file.

98 prawnwizard the Skirmisher (level 5, 0/42 HPs)
             Began as a Formicid Abyssal Knight on July 26, 2018.
             Was a Believer of Lugonu.
             Slain by Natasha (8 damage)
             ... on level 2 of the Dungeon.
             The game lasted 00:02:24 (2280 turns).

prawnwizard the Skirmisher (FoAK)                   Turns: 2280, Time: 00:02:24

Health: 0/42       AC:  3    Str: 17    XL:     5   Next: 0%
Magic:  7/7        EV: 11    Int: 12    God:    Lugonu [**....]
Gold:   60         SH:  0    Dex: 10    Spells: 4/4 levels left

rFire    . . .     SeeInvis +   a - +1 mace
rCold    . . .     Gourm    .   (no shield)
rNeg     . . .     Faith    .   b - +0 leather armour
rPois    .         Spirit   .   (helmet unavailable)
rElec    .         Reflect  .   (no cloak)
rCorr    .         Harm     .   (no gloves)
MR       .....                  (no boots)
Stlth    +.........             (no amulet)
HPRegen  0.14/turn              (no ring)
MPRegen  0.10/turn              (no ring)

@: no status effects
A: permanent stasis, dig shafts and tunnels, four strong arms, antennae 3
a: Dig, Shaft Self, Depart the Abyss, Bend Space, Renounce Religion


You were on level 2 of the Dungeon.
You worshipped Lugonu.
Lugonu was pleased with you.
You were not hungry.

You visited 1 branch of the dungeon, and saw 2 of its levels.
You visited the Abyss 1 time.

You collected 60 gold pieces.

Inventory:

Hand Weapons
 a - a +1 mace (weapon)
Armour
 b - a +0 leather armour (worn)
Jewellery
 j - a cursed ring of loudness {unknown}
Scrolls
 d - 2 scrolls of magic mapping {unknown}
 e - a scroll of blinking {unknown}
 g - 3 scrolls of teleportation {unknown}
 h - a scroll of fear {unknown}
Potions
 f - 2 potions of agility {unknown}
 k - a potion of heal wounds {unknown}
Comestibles
 c - 3 rations
 i - 2 chunks of flesh


   Skills:
 + Level 3.8 Fighting
 * Level 3.1 Maces & Flails
 + Level 2.9 Armour
 + Level 1.6 Dodging
 + Level 3.0 Invocations


You had 4 spell levels left.
You didn't know any spells.

Dungeon Overview and Level Annotations

Branches:
Dungeon (2/15)

Altars:
Ashenzari
Gozag

Shops:
D:2 *

Annotations:
D:2 Natasha


Innate Abilities, Weirdness & Mutations

You cannot be hasted, slowed, berserked, paralysed or teleported.
You can dig through walls and to a lower floor.
Your four strong arms can wield two-handed weapons with a shield.
You have a pair of large antennae on your head. (SInv)


Message History

The worm bites you!
You are too injured to fight recklessly!
There is an open door here.
You close the door.
Natasha, Servant of Life and Death comes into view.
Natasha is nearby!
You are too injured to fight recklessly!
You are too injured to fight recklessly!
Natasha hisses angrily.
You barely miss Natasha. Natasha claws you.
You miss Natasha. Natasha barely misses you.
You hit Natasha.
Natasha is lightly wounded.
Natasha casts a spell at you. The magic dart hits you!
* * * LOW HITPOINT WARNING * * *
You barely miss Natasha.
Natasha is lightly wounded.
Natasha claws you but does no damage. Natasha claws you!
You die...

...).....#.#...............#.....
.........#.#...............#.....
#.....####.#............###......
......####.#..............#...#..
.........#.#..............#...#..
.........#.#...........)..)...#..
...##......#................###..
...##....####...............# ###
...##....######.@h..........#
...##'##..................###
......รท........).#........
##...............#........
##.......#######+########
.....)...# ####.{...#
..###+######........#
..###+##........{...#####
.##.............w.......#


You could see Natasha.

Vanquished Creatures
  Natasha (D:2)
  3 adders (D:2)
  An ooze (D:2)
  A leopard gecko (D:1)
  5 orcs (D:2)
  2 ball pythons
  A giant cockroach (D:1)
  3 goblins
  4 hobgoblins
  4 bats
  5 frilled lizards
  5 kobolds
  3 rats
38 creatures vanquished.

Notes
Turn   | Place    | Note
-------+----------+-------------------------------------------
     0 | Abyss:1  | prawnwizard the Formicid Abyssal Knight began the quest for the Orb.
     0 | Abyss:1  | Reached XP level 1. HP: 18/18 MP: 2/2
    14 | D:1      | Escaped the Abyss
    50 | D:1      | Found a shattered altar of Ashenzari.
   121 | D:1      | Reached skill level 1 in Dodging
   179 | D:1      | Reached XP level 2. HP: 18/24 MP: 3/3
   745 | D:2      | Reached XP level 3. HP: 17/29 MP: 4/4
   766 | D:2      | HP: 1/29 [poisoned by an adder]
  1095 | D:2      | Found an opulent altar of Gozag.
  1099 | D:2      | Found Gozag's Platinum Reserve.
  1176 | D:2      | Reached ** piety under Lugonu
  1457 | D:2      | Reached XP level 4. HP: 21/37 MP: 6/6
  1918 | D:2      | Noticed Natasha
  1934 | D:2      | Killed Natasha
  2235 | D:2      | Reached XP level 5. HP: 40/42 MP: 7/7
  2274 | D:2      | Noticed Natasha
  2280 | D:2      | Slain by Natasha

Skill      XL: |  1  2  3  4 |
---------------+-------------+-----
Dodging        | 1 |  1.6
Maces & Flails | 3 |  3.1
Invocations    | 3 |  3.0
Fighting       | |  3.8
Armour         | |  2.9

Action                   |  1- 3 |  4- 6 || total
-------------------------+-------+-------++-------
Melee: Mace              |    79 |    48 ||   127
  Eat: Chunk             |     2 |     2 ||     4
Armor: Leather armour    |    30 |    10 ||    40
Dodge: Dodged            |    59 |    16 ||    75
